 Dungeon Crawl Stone Soup version 0.24-a0-580-g6a6c3f83c1 (webtiles) character file.

Game seed: 10709765253804342838

81 Flugkiller the Skirmisher (level 4, -8/34 HPs)
             Began as an Octopode Hunter on Aug 20, 2019.
             Mangled by a centaur (9 damage)
             ... on level 2 of the Dungeon.
             The game lasted 00:02:17 (1545 turns).

Flugkiller the Skirmisher (Octopode Hunter)         Turns: 1545, Time: 00:02:18

Health: -8/34      AC:  1    Str: 11    XL:     4   Next: 42%
Magic:  4/4        EV: 19    Int: 13    God:
Gold:   167        SH:  0    Dex: 18    Spells: 3/3 levels left

rFire    . . .     SeeInvis .   a - +1 hand crossbow
rCold    . . .     Gourm    .   (no shield)
rNeg     . . .     Faith    .   (helmet restricted)
rPois    .         Spirit   .   (no amulet)
rElec    .         Reflect  .   (no ring)
rCorr    .         Harm     .   (no ring)
MR       .....                  (no ring)
Stlth    ++++......             (no ring)
HPRegen  0.11/turn              (no ring)
MPRegen  0.09/turn              (no ring)
                                (no ring)
                                (no ring)

@: agile, flying
A: almost no armour, stealthy swim, amphibious, 8 rings, constrict 8, camouflage
1, gelatinous body 1
a: no special abilities


You were on level 2 of the Dungeon.
You were not hungry.

You visited 1 branch of the dungeon, and saw 2 of its levels.

You collected 167 gold pieces.

Inventory:

Hand Weapons
 a - a +1 hand crossbow (weapon)
 b - a +0 short sword
Missiles
 c - 67 bolts (quivered)
 m - 4 curare-tipped darts
Jewellery
 e - an uncursed ring of see invisible {unknown}
   (You found it on level 1 of the Dungeon)
Scrolls
 f - 2 scrolls of identify {unknown}
 g - a scroll of remove curse {unknown}
 i - a scroll of blinking {unknown}
Potions
 h - a potion of cancellation {unknown}
 k - a potion of degeneration {unknown}
 n - a potion of agility
Comestibles
 d - 8 rations
 j - a chunk of flesh


   Skills:
 + Level 4.5 Fighting
 - Level 4.0 Crossbows
 - Level 2.0 Dodging
 - Level 1.3 Stealth


You had 3 spell levels left.
You didn't know any spells.
Your spell library was empty.

Dungeon Overview and Level Annotations

Branches:
Dungeon (2/15)

Altars:


Innate Abilities, Weirdness & Mutations

You cannot wear most types of armour.
You are very stealthy in the water. (Stealth+)
You are amphibious.
You can wear up to eight rings at the same time.
You can use your tentacles to constrict eight enemies at once.
Your skin changes colour to match your surroundings (Stealth+).
Your rubbery body absorbs attacks. (AC +1, EV +1)


Message History

An adder comes into view.
a - a +1 hand crossbow (weapon)
Firing (i - inventory. (/) - cycle)
c - 71 bolts (quivered)
Press: ? - help, Shift-Dir - straight line, f - adder
Aim: an adder (resting)
You shoot a bolt. The bolt hits the adder!
You kill the adder!
b - a +0 short sword (weapon)
A centaur comes into view.
A centaur is nearby!
A centaur is nearby!
a - a +1 hand crossbow (weapon)
Firing (i - inventory. (/) - cycle)
c - 70 bolts (quivered)
Press: ? - help, Shift-Dir - straight line, f - centaur
Aim: a centaur (resting)
You shoot a bolt. The bolt completely misses the centaur.
The centaur shouts!
The centaur wields a +0 shortbow.
The centaur shoots an arrow.
The arrow hits you!
The centaur shoots an arrow.
The arrow hits you!
* * * LOW HITPOINT WARNING * * *
The centaur unwields a +0 shortbow.
The centaur hits you.
* * * LOW HITPOINT WARNING * * *
It was a potion of agility.
You feel agile all of a sudden. The centaur misses you.
Unknown command.
It was a potion of heal wounds.
You feel much better. The centaur misses you.
The centaur completely misses you.
Some of the chunks of flesh in your inventory have rotted away.
Unknown command.
Firing (i - inventory. (/) - cycle)
c - 69 bolts (quivered)
Press: ? - help, Shift-Dir - straight line, f/p - centaur
Aim: a centaur You shoot a bolt.
The bolt completely misses the centaur.
The centaur hits you.
* * * LOW HITPOINT WARNING * * *
The centaur hits you.
* * * LOW HITPOINT WARNING * * *
Firing (i - inventory. (/) - cycle)
c - 68 bolts (quivered)
Press: ? - help, Shift-Dir - straight line, f/p - centaur
Aim: a centaur You shoot a bolt.
The bolt hits the centaur.
The centaur is lightly wounded.
The centaur hits you.
* * * LOW HITPOINT WARNING * * *
The centaur hits you.
* * * LOW HITPOINT WARNING * * *
It was a potion of flight.
You feel very buoyant.
You fly up into the air.
The centaur hits you!
You die...

#...........##.........#
#...........####+#...###
............#......#.#
............#........#
............#.....##.#
............#........#
..#######..##........#
..#............(.....#
..#.#####..#####@....#
..#. #.>....+c....# ....
########.....# ..##
#.....# ### #......#
#.....(.. #...(....
#........


You could see a centaur.

Vanquished Creatures
  Jessica (D:2)
  An adder (D:2)
  2 dart slugs (D:1)
  3 leopard geckos
  2 giant cockroaches
  5 goblins (D:2)
  3 hobgoblins
  A quokka (D:2)
  6 bats
  2 frilled lizards
  7 kobolds
  7 rats
40 creatures vanquished.

Notes
Turn   | Place    | Note
-------+----------+-------------------------------------------
     0 | D:1      | Flugkiller the Octopode Hunter began the quest for the Orb.
     0 | D:1      | Reached XP level 1. HP: 14/14 MP: 1/1
   423 | D:1      | Reached XP level 2. HP: 20/20 MP: 2/2
   936 | D:1      | Reached XP level 3. HP: 23/26 MP: 3/3
  1204 | D:2      | Noticed Jessica
  1206 | D:2      | Killed Jessica
  1206 | D:2      | Reached XP level 4. HP: 28/33 MP: 4/4
  1537 | D:2      | Noticed a centaur
  1544 | D:2      | HP: 1/34 [centaur (2)]
  1545 | D:2      | Mangled by a centaur

Levels and vault maps discovered:
D:1:      sevenhm_arrival_forest_fort_small_4, layout_basic
D:2:      layout_basic, marbit_many_paths, first_ration,
          kennysheep_generic_room_5, uniq_jessica

Skill      XL: |  1  2  3 |
---------------+----------+-----
Fighting       | 3 4 |  4.5
Crossbows      | |  4.0
Dodging        | |  2.0
Stealth        | |  1.3

Action                   |  1- 3 |  4- 6 || total
-------------------------+-------+-------++-------
Melee: Short sword       |    49 |    26 ||    75
       Constrict         |    12 |     4 ||    16
       Tentacles         |     4 |     4 ||     8
 Fire: Hand crossbow     |     4 |     4 ||     8
  Use: Potion            |       |     3 ||     3
 Stab: Sleeping          |     6 |     5 ||    11
  Eat: Chunk             |     1 |     1 ||     2
Armor: Skin              |     2 |       ||     2
Dodge: Dodged            |    21 |    23 ||    44

Table legend:
 A = Non-vault XP
 B = Vault XP
 C = Vault XP percentage of total XP
 D = Non-vault monster count
 E = Vault monster count
 F = Vault count percentage of total count
                 A         B        C        D         E       F
            +---------+---------+-------+---------+---------+-------
      Total |      79 |      38 |  32.5 |      38 |       2 |   5.0
            +---------+---------+-------+---------+---------+-------
        D:1 |      35 |       0 |   0.0 |      20 |       0 |   0.0
        D:2 |      44 |      38 |  46.3 |      18 |       2 |  10.0
            +---------+---------+-------+---------+---------+-------
